 Dungeon Crawl Stone Soup version 0.25.1-2-g60ff931df9 (webtiles) character file.

Game seed: 11688547539071854263

19758 Dawq the Cleaver (level 12, -9/111 HPs)
             Began as a Minotaur Berserker on Aug 16, 2020.
             Was an Elder of Trog.
             Mangled by Rupert
             ... wielding a +0 great sword of holy wrath
              (14 damage)
             ... on level 4 of the Lair of Beasts.
             The game lasted 00:40:12 (12142 turns).

Dawq the Cleaver (Minotaur Berserker)              Turns: 12142, Time: 00:40:13

Health: -9/111     AC: 21    Str: 26    XL:     12   Next: 39%
Magic:  11/11      EV: 10    Int:  4    God:    Trog [****..]
Gold:   692        SH:  0    Dex: 11    Spells: 11/11 levels left

rFire    + . .     SeeInvis .   a - +0 hand axe
rCold    + + .     Gourm    .   (no shield)
rNeg     . . .     Faith    .   q - +1 plate armour {rC+}
rPois    .         Spirit   .   (helmet restricted)
rElec    .         Reflect  .   u - +2 cloak {rCorr}
rCorr    +         Harm     .   (no gloves)
MR       ++...                  (no boots)
Stlth    ..........             (no amulet)
HPRegen  1.28/turn              r - ring of protection from cold
MPRegen  0.12/turn              C - ring of protection from fire

@: berserk cooldown, regenerating, slowed, very slow
A: retaliatory headbutt, horns 2
a: Berserk, Trog's Hand, Brothers in Arms, Renounce Religion


You were on level 4 of the Lair of Beasts.
You worshipped Trog.
Trog was greatly pleased with you.
You were very hungry.

You visited 3 branches of the dungeon, and saw 13 of its levels.

You collected 692 gold pieces.

Inventory:

Hand Weapons
 a - a +0 hand axe (weapon)
 B - a +0 vorpal hand crossbow
Armour
 b - a +0 animal skin
 q - a +1 plate armour of cold resistance (worn)
 u - a +2 cloak of preservation (worn)
 I - a +0 plate armour
Jewellery
 f - the ring of the Mage {Wiz MR++ Int+3}
   (You found it on level 5 of the Dungeon)

   [ring of wizardry]

   It improves your spell success rate.
   It affects your intelligence (+3).
   It affects your resistance to hostile enchantments.
 r - a ring of protection from cold (left hand)
 C - a ring of protection from fire (right hand)
 H - an uncursed ring of protection from fire
 J - an uncursed ring of positive energy {unknown}
Wands
 n - a wand of flame (23)
 t - a wand of random effects (24)
 z - a wand of iceblast (17)
 E - a wand of polymorph (6)
 G - a wand of acid (9)
Scrolls
 d - 2 scrolls of amnesia {unknown}
 e - 9 scrolls of teleportation
 g - 10 scrolls of identify
 k - a scroll of noise {unknown}
 l - 10 scrolls of remove curse
 s - a scroll of enchant armour {unknown}
 v - 7 scrolls of magic mapping {unknown}
 w - 5 scrolls of fear {unknown}
 y - a scroll of enchant weapon {unknown}
Potions
 h - 2 potions of brilliance {unknown}
 i - 2 potions of degeneration {unknown}
 j - 3 potions of flight
 m - 6 potions of haste
 o - a potion of might {unknown}
 p - a potion of curing
 x - a potion of berserk rage {unknown}
 A - 2 potions of heal wounds {unknown}
 D - a potion of mutation {unknown}
Comestibles
 c - 13 rations


   Skills:
 + Level 11.7 Fighting
 + Level 14.9 Axes
 + Level 14.3 Armour
 + Level 5.2 Dodging
 + Level 1.6 Stealth


You had 11 spell levels left.
You didn't know any spells.
Your spell library contained the following spells:

 Spells                   Type           Power        Failure   Level  Hunger
 Sandblast                Erth           #.....       99%         1    ##.....
 Passwall                 Tmut/Erth      #.......     99%         2    ###....
 Confusing Touch          Hex            #.......     100%        3    ####...
 Gell's Gravitas          Tloc           #.........   100%        3    ####...
 Stone Arrow              Conj/Erth      #.....       100%        3    ####...
 Petrify                  Tmut/Erth      #.......     100%        4    #####..
 Lee's Rapid Deconstruct  Erth           #.........   100%        5    ######.
 Metabolic Englaciation   Hex/Ice        #.........   100%        5    ######.
 Yara's Violent Unravell  Hex/Tmut       #.........   100%        5    ######.


Dungeon Overview and Level Annotations

Branches:
Dungeon (8/15)             Temple (1/1) D:6            Lair (4/6) D:8
 Spider (0/4) Lair:4
  Swamp: Lair:2-4    Shoals: Lair:2-4

Altars:
Ashenzari
Cheibriados
Dithmenos
Elyvilon
Fedhas
Gozag
Hepliaklqana
Kikubaaqudgha
Makhleb
Nemelex Xobeh
Okawaru
Qazlal
Ru
Sif Muna
Uskayaw
Vehumet
Wu Jian
Xom
Yredelemnul
Zin
The Shining One

Shops:
D:5 =   D:7 [

Annotations:
Lair:4 exclusion: 2 oklob plants, Rupert


Innate Abilities, Weirdness & Mutations

You reflexively headbutt those who attack you in melee.
You have a pair of horns on your head.


Message History

You closely miss Rupert.
Rupert is almost dead.
You closely miss Rupert.
Rupert is almost dead.
You are no longer berserk.
You pass out from exhaustion.
You feel yourself slow down.
Rupert hits you with a +0 great sword of holy wrath!!
* * * LOW HITPOINT WARNING * * *
Rupert hits you with a +0 great sword of holy wrath!!
* * * LOW HITPOINT WARNING * * *
You can move again.
Your skin crawls.
You feel resistant to hostile enchantments.
You feel quite a bit more hungry. Rupert barely misses you.
You furiously retaliate!
You headbutt Rupert, but do no damage. You hit Rupert but do no damage.
Rupert is almost dead.
Rupert hits you with a +0 great sword of holy wrath!
You die... ................# .P #.......... ...........##..## PPP

#.##..####.
..####....##...#.......##...# #P.
..####P.P.##P...#...... ##..# ##.
...##.....###..###......##..# #..
...##......#...###..........# #P.
...#.......##..P###..#####..###..
.....P....###..#####...###...####
...PP##.#####..@@###....##..## #.
..#....#####................#####
..P..#...##.#...............P##..
.............................P...
........................)........
..)..............................
.................................
.............................P#..
..##....#.................(.#####


You could see Rupert (berserk).

Vanquished Creatures
  Kirke (Lair:4)
  A hydra (Lair:1)
  A queen ant (Lair:2)
  A two-headed ogre (D:8)
  A black mamba (Lair:3)
  The ghost of zergursh the Skirmisher, a novice HuNe of Kikubaaqudgha (D:5)
  3 spiny frogs
  2 rime drakes
  2 komodo dragons
  A jumping spider (Lair:4)
  4 blink frogs (Lair:4)
  2 hippogriffs
  Sigmund (D:2)
  2 redbacks (Lair:4)
  3 hogs (Lair:4)
  19 yaks
  3 basilisks
  A hungry ghost (D:8)
  3 soldier ants (Lair:2)
  5 water moccasins
  7 porcupines
  3 black bears
  A hornet zombie (D:5)
  3 orc warriors
  2 sky beasts
  2 centaurs
  5 ogres
  8 crocodiles
  8 bullfrogs
  5 scorpions
  4 killer bees (D:7)
  A howler monkey (D:4)
  6 crimson imps
  4 hounds
  2 bullfrog skeletons
  A jelly (D:8)
  8 orc wizards
  3 orc priests
  Crazy Yiuf (D:2)
  A centaur skeleton (D:7)
  Terence (D:2)
  Jessica (D:6)
  An iguana (D:8)
  14 worker ants
  A worker ant zombie (D:8)
  12 gnolls
  2 howler monkey skeletons
  9 adders
  An ooze (D:2)
  An adder skeleton (D:4)
  3 worms
  A dart slug (D:1)
  A leopard gecko (D:3)
  24 orcs
  2 ball pythons
  6 bats
  4 giant cockroaches
  7 goblins
  11 hobgoblins
  14 jackals
  8 kobolds
  3 quokkas
  7 frilled lizards
  A quokka skeleton (D:4)
  6 rats
  9 fungi
  9 plants
291 creatures vanquished.

Vanquished Creatures (collateral kills)
  3 hydras
  A spiny frog (Lair:2)
  A komodo dragon (Lair:4)
  A yak (Lair:2)
  6 soldier ants (Lair:2)
  6 worker ants (Lair:2)
18 creatures vanquished.

Vanquished Creatures (others)
  5 fungi
  5 plants
10 creatures vanquished.

Grand Total: 319 creatures vanquished

Notes
Turn   | Place    | Note
-------+----------+-------------------------------------------
     0 | D:1      | Dawq the Minotaur Berserker began the quest for the Orb.
     0 | D:1      | Reached XP level 1. HP: 19/19 MP: 0/0
   148 | D:1      | Reached XP level 2. HP: 21/27 MP: 1/1
   957 | D:2      | Reached XP level 3. HP: 33/33 MP: 2/2
   964 | D:2      | Reached ** piety under Trog
  1114 | D:2      | Noticed Terence
  1118 | D:2      | Reached XP level 4. HP: 39/41 MP: 3/3
  1125 | D:2      | Killed Terence
  1292 | D:2      | Noticed Sigmund
  1299 | D:2      | Killed Sigmund
  1299 | D:2      | Reached skill level 5 in Fighting
  1299 | D:2      | Reached skill level 5 in Axes
  1299 | D:2      | Reached XP level 5. HP: 48/48 MP: 4/4
  1386 | D:2      | Reached XP level 6. HP: 56/56 MP: 5/5
  1464 | D:2      | Found a blossoming altar of Fedhas.
  1744 | D:2      | Found a runed translucent door.
  1745 | D:2      | Noticed Crazy Yiuf
  1750 | D:2      | Killed Crazy Yiuf
  2309 | D:3      | Found an iron altar of Okawaru.
  2309 | D:3      | Found a shadowy altar of Dithmenos.
  2311 | D:3      | Found a shimmering altar of Xom.
  2313 | D:3      | Found an ancient bone altar of Kikubaaqudgha.
  2314 | D:3      | Found a snail-covered altar of Cheibriados.
  2413 | D:3      | Found a hide-covered altar of Uskayaw.
  2536 | D:3      | Found a glowing drain.
  2592 | D:4      | Reached *** piety under Trog
  2608 | D:4      | Reached XP level 7. HP: 54/62 MP: 6/6
  2823 | D:4      | Found a shattered altar of Ashenzari.
  3336 | D:5      | Entered Level 5 of the Dungeon
  3378 | D:5      | Reached skill level 5 in Armour
  3535 | D:5      | Reached XP level 8. HP: 70/70 MP: 7/7
  3623 | D:5      | Found a runed translucent gate.
  3623 | D:5      | Found a runed translucent gate.
  3623 | D:5      | Found an opulent altar of Gozag.
  3623 | D:5      | Found a runed translucent gate.
  3624 | D:5      | Noticed zergursh's ghost (novice HuNe)
  3750 | D:5      | Found Museniu's Jewellery Emporium.
  3794 | D:5      | Found the ring of the Mage {Wiz MR++ Int+3}
  3832 | D:5      | Found a radiant altar of Vehumet.
  3833 | D:5      | Found a burning altar of Makhleb.
  3974 | D:5      | Killed zergursh's ghost
  4112 | D:6      | Found a staircase to the Ecumenical Temple.
  4133 | D:6      | Reached **** piety under Trog
  4494 | Temple   | Entered the Ecumenical Temple
  4732 | D:6      | Found a glowing silver altar of Zin.
  4793 | D:6      | Reached skill level 10 in Axes
  4849 | D:6      | Found a sparkling altar of Nemelex Xobeh.
  4849 | D:6      | Noticed Jessica
  4851 | D:6      | Killed Jessica
  4935 | D:6      | Reached XP level 9. HP: 79/79 MP: 8/8
  5370 | D:7      | Found an opulent altar of Gozag.
  6140 | D:7      | Found Bair Ehu's Antique Armour Emporium.
  6394 | D:8      | Reached ***** piety under Trog
  6430 | D:8      | Got a heavily runed ring mail
  6459 | D:8      | Found a staircase to the Lair.
  6498 | D:8      | Reached XP level 10. HP: 45/90 MP: 9/9
  6883 | D:8      | Found an ornate altar of the Wu Jian Council.
  6889 | D:8      | Noticed a two-headed ogre
  6905 | D:8      | Killed a two-headed ogre
  7171 | D:8      | Found a burning altar of Makhleb.
  7535 | Lair:1   | Entered Level 1 of the Lair of Beasts
  7543 | Lair:1   | Reached skill level 10 in Armour
  7658 | Lair:1   | Noticed a spiny frog
  7669 | Lair:1   | Killed a spiny frog
  8011 | Lair:1   | Noticed an eight-headed hydra
  8029 | Lair:1   | Killed a 19-headed hydra
  8029 | Lair:1   | Reached XP level 11. HP: 26/99 MP: 10/10
  9083 | Lair:2   | Reached skill level 5 in Dodging
  9169 | Lair:2   | Reached skill level 10 in Fighting
  9169 | Lair:2   | Reached skill level 1 in Stealth
  9239 | Lair:2   | Noticed a queen ant
  9264 | Lair:2   | Killed a queen ant
  9576 | Lair:2   | You fall into a shaft and drop 1 floor!
 10516 | Lair:3   | Noticed a seven-headed hydra
 10533 | Lair:3   | Killed a 12-headed hydra
 11072 | Lair:4   | Noticed a seven-headed hydra
 11090 | Lair:4   | Killed a 13-headed hydra
 11090 | Lair:4   | Reached XP level 12. HP: 95/110 MP: 11/11
 11500 | Lair:4   | Found a dark tunnel.
 11611 | Lair:4   | Noticed Kirke
 11631 | Lair:4   | Killed Kirke
 11810 | Lair:4   | Found a hide-covered altar of Uskayaw.
 11812 | Lair:4   | Noticed a six-headed hydra
 11815 | Lair:4   | Found a hole to the Spider Nest.
 11817 | Lair:4   | Killed a seven-headed hydra
 12113 | Lair:4   | Noticed Rupert
 12140 | Lair:4   | HP: 1/111 [Rupert/+0 great sword of holy wrath (23)]
 12142 | Lair:4   | Mangled by Rupert

Illustrated notes

Levels and vault maps discovered:
D:1:      dpeg_arrival_houses_and_road, layout_rooms
D:2:      layout_basic, lemuel_doored_altar, uniq_crazy_yiuf_cottage,
          uniq_terence, uniq_sigmund
D:3:      layout_rooms, grunt_temple_overflow_open,
          nicolae_overflow_crystal_walls, portal_sewer_entry_d, first_ration
D:4:      minmay_clustersquares, layout_cave_pools, kennysheep_little_box,
          minmay_misc_feat_tiny, minivault_25
D:5:      layout_rooms, grunt_temple_overflow_lords_of_destruction,
          serial_shops, shop, ebering_ghost_gozag
D:6:      layout_loops_ring, zin_scriptorium, minmay_temple_entry_waves,
          nemelex_lonely_heart_becter
D:7:      layout_loops_ring, serial_shops, shop, grunt_ogre_cave,
          grunt_gozag_statues
D:8:      layout_basic, overflow_temple_1_default, due_lair_maze_entry_diamond,
          st_stairs_3, makhleb_heckhound_becter
Temple:   nicolae_temple_figure_zero
Lair:1:   layout_chaotic_city, lemuel_fruit_fields
Lair:2:   layout_chaotic_city, elwin_shoals_entry_rooms, gammafunk_ghost_hive,
          minmay_another_anthill
Lair:3:   layout_regular_city, serial_bayou_pond_b
Lair:4:   layout_regular_city, nicolae_spider_entry_tight_spaces, basic_altar,
          lightli_volcano_entry_magma_tube, minmay_lair_oklob_chamber,
          uniq_kirke, uniq_rupert

Skill      XL: |  1  2  3  4  5  6  7  8  9 10 11 12 |
---------------+-------------------------------------+-----
Axes           | 4 5 6 8 10 12 14 | 14.9
Fighting       | 4 5 6 7 8 9 11 | 11.7
Dodging        | 3 4 5 |  5.2
Armour         | 3 5 7 8 10 13 14 | 14.3
Stealth        | 1 |  1.6

Action                   |  1- 3 |  4- 6 |  7- 9 | 10-12 || total
-------------------------+-------+-------+-------+-------++-------
Melee: Hand axe          |    56 |   110 |   390 |   525 ||  1081
       Headbutt          |     9 |    18 |    82 |   137 ||   246
Invok: Berserk           |     2 |     4 |     7 |    15 ||    28
       Trog's Hand       |       |       |       |     5 ||     5
       Brothers in Arms  |       |       |       |     4 ||     4
  Use: Scroll            |       |     1 |     5 |       ||     6
       Potion            |       |       |       |     3 ||     3
 Stab: Sleeping          |     1 |       |       |       ||     1
  Eat: Chunk             |     3 |     7 |    14 |    14 ||    38
       Ration            |       |       |     2 |     6 ||     8
Armor: Animal skin       |    17 |     1 |       |       ||    18
       Plate armour      |       |    70 |   189 |   273 ||   532
Dodge: Dodged            |    50 |    60 |   129 |   199 ||   438
